 Seeded DCSS version 0.31.0-32-g396128a36d (webtiles) character file.

Game seed: 15379564352485455377 (custom seed)

5105 timneilson the Blocker (level 10, -1/61 HPs)
             Began as a Gargoyle Fighter on Mar 30, 2024.
             Was an Initiate of Gozag.
             Slain by an orc
             ... wielding a +0 spear
              (7 damage)
             ... in a bailey.
             The game lasted 00:18:29 (7418 turns).

timneilson the Blocker (Gargoyle Fighter)           Turns: 7418, Time: 00:18:30

Health: -1/61      AC: 24    Str: 27    XL:     10   Next: 57%
Magic:  10/10      EV: 10    Int: 11    God:    Gozag
Gold:   591        SH: 11    Dex: 13    Spells: 9/9 levels left

rFire   . . .        B - +6 double sword of Skirmishing {freeze, Int+3 Stlth+}
rCold   . . .        G - +0 kite shield
rNeg    + . .        n - +0 chain mail
rPois   ∞            o - +2 hat {Stlth+}
rElec   +            x - +0 cloak
rCorr   .            f - +0 pair of gloves
SInv    .            b - +0 pair of boots
Will    .....        (no amulet)
Stlth   +            k - +4 ring of slaying
HPRegen 0.30/turn    z - +6 ring of strength
MPRegen 0.12/turn

%: no passive effects
@: on berserk cooldown, hasted and slowed
A: sickness immunity, AC +7, negative energy resistance 1, electricity
resistance, torment resistance 1, petrification resistance
a: Renounce Religion, Potion Petition, Call Merchant, Bribe Branch


You were in a bailey.
You worshipped Gozag.
Gozag was pleased with you.
You visited 2 branches of the dungeon, and saw 10 of its levels.
You also visited: Bailey.

You collected 1181 gold pieces.
You spent 500 gold pieces at shops.
You paid 90 gold pieces to Gozag.

Inventory:

Hand Weapons
 a - a +1 heavy long sword
 B - the +6 double sword of Skirmishing (weapon) {freeze, Int+3 Stlth+}
   (You bought it in a shop on level 4 of the Dungeon)

   Int+3:     It affects your intelligence (+3).
   Stlth+:    It makes you more stealthy.
Missiles
 i - 31 poisoned darts (quivered)
 t - a throwing net
Armour
 b - a +0 pair of boots (worn)
 f - a +0 pair of gloves (worn)
 n - a +0 chain mail (worn)
 o - a +2 hat of stealth (worn)
 x - a +0 cloak (worn)
 G - a +0 kite shield (worn)
Jewellery
 c - a ring of willpower
 d - a ring of flight
 k - a +4 ring of slaying (left hand)
 w - a ring of protection from cold
 y - a ring of wizardry
 z - a +6 ring of strength (right hand)
Wands
 v - a wand of iceblast (10)
 E - a wand of paralysis (8)
Scrolls
 g - a scroll of vulnerability
 h - a scroll of blinking
 l - 6 scrolls of teleportation
 q - a scroll of brand weapon
 C - a scroll of summoning {unknown}
Potions
 e - a potion of magic
 j - 9 potions of curing
 p - a potion of heal wounds
 s - 3 potions of enlightenment
 u - a potion of attraction {unknown}
 A - a potion of lignification {unknown}
 D - a potion of degeneration {unknown}


   Skills:
 + Level 6.9 Fighting
 * Level 7.1 Long Blades
 * Level 9.0 Armour
 + Level 4.2 Dodging
 * Level 9.0 Shields
 + Level 1.5 Evocations


You had 9 spell levels left.
You didn't know any spells.
Your spell library contained the following spells:

 Spells                   Type           Power      Damage    Failure   Level
 Sandblast                Erth           0%         2d4       93%         1
 Shock                    Conj/Air       0%         1d3       93%         1
 Fugue of the Fallen      Necr           0%         N/A       100%        3
 Ozocubu's Armour         Ice            0%         N/A       100%        3
 Passwall                 Erth           0%         N/A       100%        3
 Stone Arrow              Conj/Erth      0%         3d7       100%        3
 Swiftness                Air            0%         N/A       100%        3
 Airstrike                Air            0%         2d(0-16)  100%        4
 Brom's Barrelling Bould  Conj/Erth      0%         2d3       100%        4
 Manifold Assault         Tloc           0%         N/A       100%        4
 Vhi's Electric Charge    Tloc/Air       0%         N/A       100%        4
 Arcjolt                  Conj/Air       0%         1d10      100%        5
 Maxwell's Capacitive Co  Air            0%         ∞         100%        8


Dungeon Overview and Level Annotations

Branches:
Dungeon (9/15)             Temple (1/1) D:5          Bailey (1/1)
   Lair: D:8-11         Orc: D:9-12

Altars:
Cheibriados
Elyvilon
Fedhas
Gozag
Hepliaklqana
Kikubaaqudgha
Makhleb
Nemelex Xobeh
Okawaru
Qazlal
Ru
Sif Muna
Trog
Uskayaw
Vehumet
Wu Jian
Xom
Yredelemnul
Zin
The Shining One

Shops:
D:4 (   D:5 *   D:8 ?*[   D:9 [

Annotations:
Bailey 2 runed translucent doors


Innate Abilities, Weirdness & Mutations

You are immune to sickness and miasma.
Your stone body is resilient. (AC +7)
You are immune to poison.
You resist negative energy. (rN+)
You are resistant to electric shocks. (rElec)
You are resistant to unholy torment.
You are immune to petrification.


Message History

You slash the orc knight! You freeze the orc knight.
The orc knight is heavily wounded.
The orc hits you but does no damage. The orc barely misses you.
The orc warrior barely misses you.
You barely miss the orc knight.
The orc knight is heavily wounded.
You are no longer berserk.
You are exhausted.
You feel yourself slow down. The orc closely misses you.
You block the orc's attack. You block the orc knight's attack.
The orc warrior misses you.
You hit the orc knight. You freeze the orc knight.
The orc knight is heavily wounded.
The orc barely misses you. The orc closely misses you.
The orc knight barely misses you.
The orc warrior hits you with a +0 glaive!!
You hit the orc knight. You freeze the orc knight.
The orc knight is heavily wounded.
The orc hits you from afar with a +0 spear.
The orc hits you but does no damage.
The orc knight hits you but does no damage.
The orc warrior hits you with a +0 glaive!
* * * LOW HITPOINT WARNING * * *
You barely miss the orc knight.
The orc knight is heavily wounded.
You block the orc's attack. x2
The orc knight hits you with a +0 halberd!
* * * LOW HITPOINT WARNING * * *
You block the orc warrior's attack.
Unknown command.
You slash the orc knight! You freeze the orc knight.
The orc knight is severely wounded.
The orc warrior no longer looks unusually strong.
You block the orc's attack. x2
The orc knight roars a battlecry!
The orc warrior goes into a battle-frenzy!
The orc warrior hits you but does no damage.
You block the orc's attack. The orc hits you with a +0 spear!
You die...
Your body crumbles into a pile of gold.

#..##[$$!# .#
#..#![=[!!#..#
#..#..# ..#..
#..#..##..#.
#..#......#
#..##.e..# #
#..###++###..#
##...8oo..8...#
#......@oo.....
#..##########.$
###


You could see an orc knight, a deep elf zephyrmancer, an orc warrior (strong)
and 2 orcs.

Vanquished Creatures
  A cyclops (D:6)
  Maurice (D:7)
  Maggie (D:7)
  Psyche (D:9)
  3 hornets
  Grinder (D:3)
  A shadow (D:5)
  Eustachio (D:6)
  An acid dragon (D:8)
  A water moccasin (D:5)
  4 orc warriors (Bailey)
  An ice beast (D:8)
  An ogre (D:7)
  A centaur (D:7)
  A phantom (D:6)
  A kobold brigand (D:7)
  Blork the orc (D:5)
  2 bullfrogs
  A gnoll sergeant (D:8)
  2 scorpions
  7 wights (D:7)
  4 killer bees (D:9)
  A howler monkey (D:4)
  4 hounds
  3 jellies
  6 orc priests
  An iguana (D:4)
  3 sleepcaps
  3 orc wizards
  4 gnolls
  7 adders
  2 white imps
  4 dart slugs
  A ribbon worm (D:2)
  36 orcs
  7 endoplasms
  4 giant cockroaches
  7 hobgoblins
  9 jackals
  13 kobolds
  6 quokkas
  7 ball pythons
  5 bats
  3 frilled lizards
  18 goblins
  5 rats
197 creatures vanquished.

Notes
Turn   | Place    | Note
-------+----------+-------------------------------------------
     0 | D:1      | timneilson the Gargoyle Fighter began the quest for the
                  | Orb.
     0 | D:1      | Reached XP level 1. HP: 14/14 MP: 1/1
   268 | D:1      | Reached XP level 2. HP: 16/19 MP: 2/2
   479 | D:1      | Reached XP level 3. HP: 23/23 MP: 3/3
   978 | D:2      | You fall into a shaft and drop 2 floors!
  1411 | D:3      | Reached XP level 4. HP: 22/28 MP: 4/4
  1413 | D:3      | Reached skill level 1 in Dodging
  1657 | D:3      | Found a faded altar of an unknown god.
  2022 | D:3      | Noticed Grinder
  2022 | D:3      | Paralysed by Grinder for 5 turns
  2044 | D:3      | Killed Grinder
  2045 | D:3      | Reached XP level 5. HP: 22/33 MP: 5/5
  2045 | D:3      | Reached XP level 6. HP: 26/38 MP: 6/6
  2900 | D:4      | Reached skill level 5 in Shields
  3035 | D:4      | Reached XP level 7. HP: 40/43 MP: 7/7
  3049 | D:4      | Found Giumum's Antique Weapon Shoppe.
  3083 | D:4      | Reached skill level 5 in Armour
  3188 | D:4      | Found a basalt altar of Yredelemnul.
  3353 | D:5      | Entered Level 5 of the Dungeon
  3354 | D:5      | Noticed Blork the orc
  3361 | D:5      | Killed Blork the orc
  3375 | D:5      | Found a staircase to the Ecumenical Temple.
  3384 | Temple   | Entered the Ecumenical Temple
  3395 | Temple   | Became a worshipper of Gozag Ym Sagoz the Greedy
  3486 | D:5      | Found a snail-covered altar of Cheibriados.
  3587 | D:5      | Found Vawunak's General Store.
  3728 | D:5      | Noticed a shadow
  3751 | D:5      | Killed a shadow
  3752 | D:5      | Reached XP level 8. HP: 18/48 MP: 8/8
  4173 | D:6      | Noticed a cyclops
  4405 | D:6      | Killed a cyclops
  4406 | D:6      | Reached skill level 5 in Fighting
  4406 | D:6      | Reached skill level 5 in Long Blades
  4765 | D:6      | Noticed Eustachio
  4773 | D:6      | Killed Eustachio
  4774 | D:6      | Reached XP level 9. HP: 54/54 MP: 9/9
  5139 | D:4      | Bought a crude double sword for 500 gold pieces
  5139 | D:4      | Identified the +6 double sword of Skirmishing {freeze,
                  | Int+3 Stlth+} (You bought it in a shop on level 4 of the
                  | Dungeon)
  5630 | D:7      | Noticed a hornet
  5636 | D:6      | Killed a hornet
  5723 | D:7      | Noticed Maurice
  5725 | D:7      | Noticed Maggie
  5740 | D:7      | Maurice stole a ring of protection from cold
  5741 | D:7      | Killed Maurice
  5744 | D:7      | Killed Maggie
  5989 | D:7      | Reached XP level 10. HP: 61/61 MP: 10/10
  6023 | D:7      | Found a sparkling altar of Nemelex Xobeh.
  6295 | D:8      | Found a blossoming altar of Fedhas.
  6322 | D:8      | Found Korghu's Antique Armour Boutique.
  6343 | D:8      | Found the +3 robe of Clouds {*Thunder rCloud rElec}
  6615 | D:8      | Paralysed by an orc for 3 turns
  6651 | D:8      | Found Hozumurph's Magic Scroll Shop.
  6678 | D:8      | Found a glowing silver altar of Zin.
  6747 | D:8      | Reached skill level 1 in Evocations
  6809 | D:8      | Found a hazy altar of Hepliaklqana.
  6882 | D:8      | Found Noup's Assorted Antiques.
  7000 | D:8      | Found a white marble altar of Elyvilon.
  7009 | D:8      | Found a hide-covered altar of Uskayaw.
  7060 | D:9      | Noticed Psyche
  7060 | D:9      | Found Qeag's Antique Armour Boutique.
  7072 | D:9      | Killed Psyche
  7171 | D:9      | Found a shimmering altar of Xom.
  7196 | D:9      | Found a glowing golden altar of the Shining One.
  7243 | D:9      | Found a flagged portal.
  7289 | Bailey   | Entered a bailey
  7390 | Bailey   | Found a large runed translucent door.
  7390 | Bailey   | Found a large runed translucent door.
  7391 | Bailey   | Noticed a deep elf zephyrmancer
  7392 | Bailey   | Found the +3 Mad Mage's Maulers {Infuse+∞ VampMP -Cast}
  7400 | Bailey   | Noticed an orc knight
  7418 | Bailey   | Slain by an orc

Illustrated notes

Levels and vault maps discovered:
D:1:      dpeg_arrival_round_c, layout_basic
D:2:      layout_rooms, serial_glass, glass_columns_a, glass_columns_b
D:3:      layout_loops_ring, hellmonk_ecumenical_altar_inner_sanctum,
          minivault_24, minmay_fractal_squares_diagonal_5, uniq_grinder
D:4:      layout_rooms, kennysheep_mini, serial_shops,
          nicolae_shop_just_a_little_nook, serial_rivers,
          chequers_serial_rivers_small_b, chequers_serial_rivers_room_b,
          chequers_serial_rivers_large_b, chequers_serial_rivers_room_a,
          chequers_serial_rivers_micro_e
D:5:      layout_basic, kennysheep_slug_shrine, minmay_temple_entry_arrows,
          serial_shops, nicolae_shop_trees, uniq_blork_the_orc
D:6:      layout_layer_cave, minmay_microvault, uniq_eustachio
D:7:      layout_rooms, mainiacjoe_overflow_catwalk, uniq_maggie, uniq_maurice
D:8:      layout_basic, lemuel_crystal_altar, mainiacjoe_overflow_paths,
          mainiacjoe_overflow_swirl, mainiacjoe_overflow_tiny_flanked,
          serial_shops, shop, nicolae_shop_hallway_stairs,
          nicolae_take_the_stairs, minmay_misc_feat_secret_circle,
          chequers_avenue, patterned_corridor
D:9:      layout_loops_corners, nicolae_tso_carved_into_rock, xom_redecorated,
          nicolae_dithmenos_the_darkroom, serial_shops,
          nicolae_shop_gibbet_a_chance, enter_bailey_3, nicolae_benzene_ring,
          uniq_psyche
Temple:   hellmonk_temple_flake
Bailey:   bailey_polearm_elven_captive_hellmonk, bailey

Skill      XL: |  1  2  3  4  5  6  7  8  9 10 |
---------------+-------------------------------+-----
Long Blades    | 2 3 4 5 6 7 |  7.1
Dodging        | 1 2 3 4 |  4.2
Shields        | 4 5 6 8 9 |  9.0
Armour         | 4 5 6 8 9 |  9.0
Fighting       | 4 5 6 |  6.9
Evocations     | 1 |  1.5

Action                     |  1- 3 |  4- 6 |  7- 9 | 10-12 || total
---------------------------+-------+-------+-------+-------++-------
  Melee: Long sword        |   113 |   111 |   113 |       ||   337
         Double sword      |       |       |    61 |   130 ||   191
  Throw: Dart              |       |       |     5 |       ||     5
    Use: Scroll            |     3 |     5 |     3 |     3 ||    14
         Potion            |       |     1 |       |     5 ||     6
   Stab: Distracted        |       |       |       |     1 ||     1
 Armour: Scale mail        |   112 |    64 |       |       ||   176
         Chain mail        |       |    69 |   203 |   111 ||   383
  Dodge: Dodged            |    68 |    61 |    93 |    69 ||   291
  Block: Buckler           |    25 |    38 |    72 |    20 ||   155
         Kite shield       |       |       |       |    56 ||    56
